Map: [ESL] Moondance

Players

Future - Winner!

  • Race: Terran Terran
  • Spawn Location: 6:00

PureLegacy

  • Race: Terran Terran
  • Spawn Location: 12:00

Event: DreamHack SC2 Masters 2022 Atlanta (Online)

VOD

Have the link to the VOD?

Description

Time

  • Played on: Oct. 5, 2022, 6:16 p.m.
  • Length: 14:07

All games in this series

Show
View Real Time Build Order
Export as new Build Order

Future Terran - Winner!

Build Orders: Reaper Expand 

Get SALT Encoding   

  12  0:00  SCV  
  13  0:12  SCV  
  14  0:16  Supply Depot  
  14  0:24  SCV  
  15  0:38  SCV  
  15  0:39  Barracks  
  16  0:43  Refinery  
  16  0:50  SCV  
  17  1:02  SCV  
  18  1:14  SCV  
  19  1:27  Reaper, Orbital Command  
  20  1:41  Command Center  
  20  1:49  Supply Depot  
  20  1:52  SCV  
  21  1:59  Marine  
  22  2:04  SCV  
  22  2:08  Factory  
  23  2:16  SCV  
  23  2:17  Marine  
  23  2:19  Refinery  
  25  2:28  SCV  
  25  2:35  Marine  
  25  2:40  SCV  
  26  2:50  Bunker  
  26  2:52  SCV  
  26  2:53  Hellion, Starport  
  29  2:59  Barracks Reactor  
  29  3:05  SCV  
  30  3:10  Orbital Command  
  29  3:13  Refinery  
  29  3:14  Factory Tech Lab  
  29  3:18  SCV  
  30  3:33  SCV  
  31  3:36  SCV, Marine x2  
  31  3:38  Cyclone, Starport Tech Lab  
  31  3:41  Supply Depot  
  37  3:45  SCV  
  38  3:48  SCV  
  38  3:55  Marine x2  
  41  3:57  SCV, Raven  
  41  4:00  SCV  
  45  4:12  SCV, Siege Tank  
  45  4:13  SCV  
  45  4:15  Supply Depot  
  50  4:17  Marine x2  
  52  4:24  SCV  
  52  4:25  SCV  
  54  4:32  Supply Depot  
  54  4:36  SCV  
  54  4:38  Supply Depot, SCV  
  49  4:48  SCV  
  49  4:50  SCV, Siege Tank  
  49  4:52  Raven, Marine x2  
  54  5:00  SCV  
  54  5:01  Supply Depot  
  54  5:02  SCV  
  53  5:09  Marine  
  53  5:10  Marine  
  53  5:13  SCV  
  56  5:14  SCV  
  56  5:22  Siege Tank  
  56  5:25  SCV  
  56  5:26  SCV  
  61  5:29  Command Center  
  61  5:37  SCV  
  61  5:38  SCV  
  61  5:42  Supply Depot  
  63  5:43  Viking  
  63  5:44  Viking, Marine  
  63  5:49  SCV  
  69  5:50  SCV  
  69  5:55  Siege Tank  
  73  5:57  Stimpack  
  73  5:58  Refinery  
  73  6:01  SCV  
  73  6:02  SCV  
  75  6:13  SCV  
  75  6:14  Viking x2  
  75  6:15  SCV  
  81  6:25  SCV  
  82  6:26  Marine  
  82  6:27  SCV  
  82  6:30  Siege Tank  
  87  6:33  Barracks x2  
  87  6:37  SCV  
  87  6:39  SCV  
  89  6:41  Orbital Command  
  89  6:44  Marine  
  89  6:46  Viking  
  92  6:51  Viking  
  92  6:53  SCV x2  
  96  6:58  Refinery  
  96  7:02  Siege Tank  
  96  7:03  Marine  
  96  7:05  SCV  
  96  7:06  SCV  
  102  7:11  SCV  
  102  7:13  Supply Depot  
  102  7:14  Supply Depot  
  103  7:18  SCV x2  
  103  7:22  Barracks Reactor x2  
  105  7:23  SCV  
  105  7:27  Viking  
  108  7:30  SCV x2  
  108  7:31  Viking  
  113  7:38  Siege Tank  
  113  7:40  Marine  
  117  7:47  Supply Depot  
  117  7:48  Supply Depot x2  
  117  7:50  Engineering Bay  
  116  7:51  Engineering Bay  
  116  7:53  Combat Shield  
  116  7:58  Viking  
  118  8:01  Viking  
  112  8:13  Siege Tank  
  112  8:14  Marauder, Marine x2  
  115  8:23  Marine  
  115  8:24  Marine  
  109  8:31  Terran Infantry Armor Level 1  
  109  8:32  Barracks, Marine  
  109  8:33  Barracks  
  109  8:34  Barracks x2  
  110  8:35  Barracks, Marauder, Viking  
  110  8:39  Marine  
  113  8:46  Medivac  
  113  8:57  Siege Tank  
  116  9:04  Marauder, Marine x4  
  116  9:05  Medivac  
  116  9:07  SCV x3  
  127  9:19  SCV x3  
  127  9:22  Command Center  
  130  9:26  Marauder  
  130  9:27  Barracks Tech Lab x3  
  130  9:28  Barracks Reactor  
  130  9:31  SCV  
  128  9:32  Marine x2  
  128  9:33  Marine  
  128  9:37  SCV x2  
  133  9:39  Marine  
  133  9:43  SCV  
  135  9:46  Marauder x2  
  135  9:47  Marauder  
  135  9:49  SCV  
  140  9:57  Marauder  
  140  9:58  Marine x2  
  140  9:59  Marine  
  142  10:01  Marine  
  142  10:04  Barracks Tech Lab  
  139  10:07  Marauder  
  139  10:08  Marauder  
  139  10:09  Marauder  
  139  10:14  Marine x2  
  137  10:19  Marauder  
  140  10:25  Marauder, Marine  
  140  10:27  Marine  
  134  10:29  Marauder x2  
  134  10:30  Marauder  
  134  10:34  Marine x2  
  134  10:35  Marine  
  132  10:40  Medivac x2, Marauder, Marine  
  138  10:46  Marauder  
  138  10:48  Marine x2  
  138  10:50  Marauder x2  
  138  10:51  Marine  
  138  10:52  Marine x2  
  138  10:53  Marine  
  133  10:58  Marine  
  133  11:02  Marauder  
  131  11:06  Marine x2  
  131  11:07  Marauder  
  131  11:09  Marauder, Marine  
  131  11:10  Marine  
  139  11:14  Marine  
  139  11:15  Marauder  
  139  11:22  Marauder  
  142  11:25  Marauder  
  142  11:32  Marauder, Marine x2  
  135  11:33  Marine  
  131  11:40  Marine x2  
  131  11:42  SCV x3  
  136  11:47  Medivac x2  
  136  11:51  Command Center  
  136  11:52  Terran Infantry Weapons Level 1  
  141  11:54  SCV x2  
  141  12:00  SCV  
  141  12:03  Marauder x2  
  141  12:06  SCV  
  141  12:08  Supply Depot  
  147  12:09  Supply Depot  
  147  12:15  Armory  
  148  12:22  Medivac, Sensor Tower  
  148  12:24  Medivac  
  150  12:30  Sensor Tower  
  149  12:42  Concussive Shells  
  148  12:52  Medivac  
  148  12:54  Medivac  
  148  12:55  Command Center  
  152  13:00  SCV x3  
  155  13:08  Marauder x2  
  155  13:09  Marauder x3, Marine x2  
  155  13:10  Marine  
  155  13:11  Marine  
  169  13:13  Marine  
  169  13:14  Marine  
  171  13:27  Marine x2  
  171  13:28  Marine  
  171  13:30  Marauder x2  
  174  13:34  Medivac  
  174  13:35  Medivac, Marauder x2, Marine  
  174  13:36  Marauder  
  174  13:40  Supply Depot  
  174  13:41  Supply Depot  
  175  13:42  Marine  
Show
View Real Time Build Order
Export as new Build Order

PureLegacy Terran 

Build Orders: Mech 

Get SALT Encoding   

  12  0:01  SCV  
  13  0:13  SCV  
  14  0:17  Supply Depot  
  14  0:25  SCV  
  15  0:39  SCV  
  15  0:40  Barracks  
  16  0:44  Refinery  
  16  0:51  SCV  
  16  0:53  Refinery  
  17  1:03  SCV  
  18  1:15  SCV  
  19  1:28  Reaper, Orbital Command  
  19  1:29  Supply Depot  
  20  1:42  Factory  
  20  1:54  SCV  
  20  2:00  Reaper  
  22  2:06  SCV  
  23  2:18  SCV  
  23  2:21  Command Center  
  23  2:33  Hellion  
  25  2:39  SCV  
  25  2:41  Supply Depot  
  25  2:44  Barracks Reactor  
  25  2:50  Starport  
  25  2:53  SCV  
  25  3:05  SCV  
  26  3:10  Factory Tech Lab  
  26  3:17  SCV  
  27  3:23  Marine x2  
  29  3:27  Medivac  
  29  3:29  SCV  
  29  3:33  Siege Tank  
  35  3:37  Refinery  
  35  3:41  SCV  
  35  3:42  Marine x2  
  38  3:53  SCV  
  38  3:54  Orbital Command  
  39  4:05  SCV  
  40  4:16  Viking x2  
  44  4:18  SCV  
  44  4:20  Supply Depot, SCV  
  44  4:22  Siege Tank  
  49  4:30  SCV  
  50  4:32  SCV  
  51  4:42  SCV  
  51  4:44  SCV  
  49  4:53  Viking x2  
  49  4:54  SCV, Siege Tank  
  49  4:56  SCV  
  58  5:09  SCV x2  
  58  5:11  Supply Depot  
  57  5:17  Command Center  
  57  5:21  SCV x2, Refinery  
  59  5:33  SCV x2  
  59  5:35  Supply Depot  
  61  5:39  Viking x2  
  65  5:45  SCV x2  
  65  5:49  Siege Tank  
  70  5:51  Barracks Tech Lab  
  70  5:53  Factory  
  70  5:57  SCV  
  70  5:59  SCV  
  70  6:01  Supply Depot  
  70  6:03  Engineering Bay  
  72  6:09  SCV  
  74  6:11  SCV  
  72  6:18  Starport Reactor  
  72  6:21  SCV  
  72  6:22  Siege Tank  
  73  6:29  SCV  
  73  6:31  Barracks Tech Lab  
  74  6:33  SCV  
  74  6:34  Supply Depot  
  75  6:42  Factory  
  72  6:54  Siege Tank  
  75  6:55  Viking x2  
  75  6:59  SCV  
  75  7:01  SCV  
  81  7:11  SCV  
  81  7:13  Supply Depot, SCV  
  81  7:15  Factory  
  83  7:16  Factory  
  83  7:17  Sensor Tower  
  83  7:19  Orbital Command  
  83  7:22  Refinery  
  83  7:23  SCV, Refinery  
  83  7:25  SCV  
  83  7:27  Siege Tank  
  83  7:28  Factory Reactor  
  83  7:29  Barracks Tech Lab  
  88  7:35  SCV  
  89  7:37  SCV  
  89  7:43  Command Center  
  90  7:47  SCV  
  90  7:48  SCV  
  90  7:49  SCV  
  93  7:52  Siege Tank  
  93  7:57  Viking x2  
  100  7:59  SCV  
  100  8:04  Siege Tank  
  104  8:07  Factory Tech Lab  
  104  8:13  Siege Tank  
  104  8:14  Hellion x2  
  104  8:15  SCV x2  
  106  8:26  Siege Tank x2  
  101  8:31  Liberator, SCV  
  101  8:33  SCV  
  100  8:43  SCV  
  100  8:45  SCV, Orbital Command  
  100  8:48  Command Center  
  102  8:55  SCV  
  102  8:56  Viking  
  102  8:58  SCV  
  105  9:07  SCV  
  102  9:10  SCV  
  102  9:14  Viking  
  102  9:15  SCV  
  104  9:19  SCV  
  104  9:22  SCV  
  106  9:28  SCV, Viking  
  109  9:35  Supply Depot, SCV x2, Siege Tank x2  
  109  9:36  Supply Depot  
  117  9:40  Siege Tank  
  117  9:44  Siege Tank  
  123  9:57  SCV x2  
  124  10:07  Siege Tank x2  
  124  10:13  Siege Tank  
  134  10:15  Hellion x2  
  134  10:16  SCV  
  134  10:17  Siege Tank  
  134  10:20  Supply Depot  
  122  10:40  Siege Tank  
  122  10:42  SCV  
  115  10:45  Siege Tank  
  111  10:51  Siege Tank  
  98  11:05  SCV  
  98  11:06  SCV  
  96  11:17  SCV  
  94  11:18  SCV  
  94  11:19  Siege Tank  
  94  11:20  Siege Tank  
  94  11:21  Siege Tank  
  103  11:29  SCV  
  103  11:30  SCV  
  102  11:34  Siege Tank  
  102  11:35  Hellion x2  
  98  11:41  SCV  
  98  11:42  SCV  
  98  11:43  Sensor Tower  
  98  11:53  SCV  
  99  11:54  SCV  
  99  12:00  Viking x2  
  100  12:03  Orbital Command  
  100  12:04  Refinery  
  100  12:05  SCV  
  100  12:06  SCV  
  102  12:10  Siege Tank  
  102  12:11  Siege Tank  
  108  12:17  SCV  
  108  12:19  SCV  
  111  12:35  Command Center  
  110  12:37  Siege Tank  
  110  12:41  Viking x2  
  110  12:42  Siege Tank  
  120  12:46  Siege Tank  
  120  12:48  Siege Tank  
  126  12:53  Hellion x2  
  126  13:10  Siege Tank  
  126  13:11  Viking x2  
  133  13:14  Siege Tank  
  126  13:28  Hellion x2, Siege Tank x2  
  126  13:33  SCV x2  
  126  13:34  SCV  
Tags
 
Add a new tag
Caveats
  • Supply blocks, unpowered buildings, or Contaminate may cause inaccurate times.
  • Supply counts are checked every 10 seconds.